 Dungeon Crawl Stone Soup version 0.32-a0-468-g38b2580584 (webtiles) character file.

Game seed: 5067800934827041234

30 CougarLife the Digger (level 3, -6/19 HPs)
             Began as a Gargoyle Earth Elementalist on Feb 25, 2024.
             Mangled by Sigmund
             ... wielding a +0 scythe
              (8 damage)
             ... on level 2 of the Dungeon.
             The game lasted 00:01:21 (1137 turns).

CougarLife the Digger (Gargoyle Earth Elementalist) Turns: 1137, Time: 00:01:21

Health: -6/19      AC:  5    Str: 11    XL:     3   Next: 20%
Magic:  3/6        EV: 11    Int: 17    God:
Gold:   23         SH:  0    Dex: 10    Spells: 6/7 levels left

rFire   . . .        e - +2 dagger (venom)
rCold   . . .        (no shield)
rNeg    + . .        a - +0 robe
rPois   ∞            (no helmet)
rElec   +            (no cloak)
rCorr   .            (no gloves)
SInv    .            (no boots)
Will    .....        (no amulet)
Stlth   ++           (no ring)
HPRegen 0.23/turn    (no ring)
MPRegen 0.10/turn

%: no passive effects
@: no status effects
A: sickness immunity, AC +3, negative energy resistance 1, electricity
resistance, torment resistance 1, petrification resistance
a: no special abilities


You were on level 2 of the Dungeon.
You visited 1 branch of the dungeon, and saw 2 of its levels.

You collected 45 gold pieces.
You spent 22 gold pieces at shops.

Inventory:

Hand Weapons
 e - a +2 dagger of venom (weapon)
Armour
 a - a +0 robe (worn)
Scrolls
 c - a scroll of acquirement {unknown}
 d - a scroll of blinking
 f - a scroll of torment {unknown}
 g - a scroll of teleportation {unknown}
Potions
 b - 2 potions of magic
 i - a potion of might


   Skills:
 - Level 1.5 Dodging
 - Level 2.1 Stealth
 + Level 2.5 Spellcasting
 + Level 2.1 Conjurations
 + Level 4.1 Earth Magic


You had 6 spell levels left.
You knew the following spells:

 Your Spells              Type           Power      Damage    Failure   Level
a - Sandblast             Erth           32%        2d9       3%          1

Your spell library contained the following spells:

 Spells                   Type           Power      Damage    Failure   Level
 Passwall                 Erth           16%        N/A       10%         3
 Stone Arrow              Conj/Erth      24%        3d8       16%         3
 Brom's Barrelling Bould  Conj/Erth      12%        2d4       45%         4
 Petrify                  Alch/Erth      9%         N/A       61%         4
 Fulminant Prism          Conj/Alch      2%         3d5       75%         4
 Irradiate                Conj/Alch      2%         3d12      97%         5
 Cigotuvi's Dreadful Rot  Necr/Alch/Air  Unusable   N/A       N/A         2

Dungeon Overview and Level Annotations

Branches:
Dungeon (2/15)

Altars:
Wu Jian

Shops:
D:1 ?=*

Annotations:
D:2 Sigmund


Innate Abilities, Weirdness & Mutations

You are immune to sickness and miasma.
Your stone body is resilient. (AC +3)
You are immune to poison.
You resist negative energy. (rN+)
You are resistant to electric shocks. (rElec)
You are resistant to unholy torment.
You are immune to petrification.


Message History

There is a stone staircase leading up here.
You now have 23 gold pieces (gained 15).
Found a stone staircase leading up.
b - 2 potions of magic (gained 1)
Found a stone staircase leading down.
Found a stone staircase leading up.
Found an ornate altar of the Wu Jian Council.
Sigmund the Dreaded comes into view.
He is wielding a +0 scythe.
Found a blackened ivory wand.
Sigmund shouts!
Sigmund hits you from afar with a +0 scythe!
Ouch! That really hurt!
You are too injured to fight recklessly!
Casting: Sandblast (safe; 3% risk of failure)
Confirm with . or Enter, or press ? or * to list all spells.
Aiming: Sandblast (safe; 3% risk of failure)
Press: ? - help, Shift-Dir - straight line, f - Sigmund
Aim: Sigmund, wielding a +0 scythe and wearing a +0 robe (80% to hit)
The blast of sand hits Sigmund.
Sigmund is moderately wounded.
Sigmund hits you from afar with a +0 scythe!
* * * LOW HITPOINT WARNING * * *
Casting: Sandblast (safe; 3% risk of failure)
Confirm with . or Enter, or press ? or * to list all spells.
Aiming: Sandblast (safe; 3% risk of failure)
Press: ? - help, Shift-Dir - straight line, f/p - Sigmund
Aim: Sigmund, wielding a +0 scythe and wearing a +0 robe (moderately wounded, 80% to hit)
The blast of sand hits Sigmund!
Sigmund is heavily wounded.
Sigmund closely misses you.
Casting: Sandblast (safe; 3% risk of failure)
Confirm with . or Enter, or press ? or * to list all spells.
Aiming: Sandblast (safe; 3% risk of failure)
Press: ? - help, Shift-Dir - straight line, f/p - Sigmund
Aim: Sigmund, wielding a +0 scythe and wearing a +0 robe (heavily wounded, 80% to hit)
The blast of sand hits Sigmund.
Sigmund is severely wounded.
Sigmund hits you from afar with a +0 scythe!
You die...
Sigmund begins carving another notch in his scythe.

####.#
./...###
.$....#
#.....##
###.._...###
.@.........
#.....# #@.#
##.# #.# #.#
####.#
#....#
#.####
#..#.##.####
<>.........#


You could see Sigmund.

Vanquished Creatures
  8 ball pythons (D:1)
  A giant cockroach (D:1)
  6 goblins (D:1)
  2 hobgoblins (D:1)
  3 kobolds (D:1)
  A quokka (D:1)
  2 bats (D:1)
  A frilled lizard (D:1)
  5 rats (D:1)
29 creatures vanquished.

Notes
Turn   | Place    | Note
-------+----------+-------------------------------------------
     0 | D:1      | CougarLife the Gargoyle Earth Elementalist began the quest
                  | for the Orb.
     0 | D:1      | Reached XP level 1. HP: 10/10 MP: 3/3
    77 | D:1      | Found Otoemiysh's Jewellery Boutique.
    91 | D:1      | Reached XP level 2. HP: 15/15 MP: 1/5
   161 | D:1      | Found Polang's General Store.
   295 | D:1      | Reached skill level 4 in Earth Magic
   420 | D:1      | Got the Exposition on Postmortem Flux
   501 | D:1      | Reached XP level 3. HP: 19/19 MP: 3/6
   698 | D:1      | Found Faonoih's Magic Scroll Emporium.
   701 | D:1      | Bought a scroll of identify for 22 gold pieces
  1130 | D:2      | Found an ornate altar of the Wu Jian Council.
  1133 | D:2      | Noticed Sigmund
  1137 | D:2      | Mangled by Sigmund

Illustrated notes

Levels and vault maps discovered:
D:1:      dpeg_arrival_morbid_curiosity, layout_rooms, serial_shops,
          nicolae_shop_statue_plus, nicolae_shop_gibbet_a_chance,
          nicolae_shop_rolled_up, moated_statue, st_stairs_13,
          amcnicky_mini_corridor_feature
D:2:      layout_loops_ring, basic_altar, serial_shops, shop, uniq_terence,
          uniq_sigmund

Skill      XL: |  1  2 |
---------------+-------+-----
Earth Magic    | 4 |  4.1
Conjurations   | 2 |  2.1
Dodging        | |  1.5
Stealth        | |  2.1
Spellcasting   | |  2.5

Action                     || total
---------------------------++-------
  Melee: Unarmed           ||     7
         Dagger            ||     1
   Cast: Sandblast         ||    36
    Use: Scroll            ||     2
 Armour: Robe              ||    12
  Dodge: Dodged            ||    16

Table legend: (Time is in decaauts)
 A = Elapsed time spent in this place.
 B = Non-inter-level travel time spent in this place.
 C = Inter-level travel time spent in this place.
 D = Time resting spent in this place.
 E = Time spent auto-exploring this place.
 F = Levels seen in this place.
 G = Mean time per level.
                   A        B        C        D        E       F      G
               +--------+--------+--------+--------+--------+-----+--------+
         Total |   1153 |   1042 |    111 |      0 |    900 |   2 |  576.5 |
       Dungeon |   1153 |   1042 |    111 |      0 |    900 |   2 |  576.5 |
               +--------+--------+--------+--------+--------+-----+--------+

Top non-repeatable levels by time:
     D:1: 1098 daAuts
     D:2: 54 daAuts
